 Dungeon Crawl Stone Soup version 0.22-a0-782-g038298e (webtiles) character file.

23 Omega the Grave Robber (level 2, -7/19 HPs)
             Began as a Vampire Necromancer on July 20, 2018.
             Killed from afar by Natasha (8 damage)
             ... with a magic dart
             ... on level 2 of the Dungeon.
             The game lasted 00:03:17 (1091 turns).

Omega the Grave Robber (Vampire Necromancer)        Turns: 1091, Time: 00:03:18

Health: -7/19      AC:  2    Str:  7    XL:     2   Next: 72%
Magic:  3/5        EV: 12    Int: 17    God:
Gold:   85         SH:  0    Dex: 14    Spells: 3/5 levels left

rFire    . . .     SeeInvis +   (no weapon)
rCold    + . .     Gourm    .   (no shield)
rNeg     + + .     Faith    .   a - +0 robe
rPois    +         Spirit   .   (no helmet)
rElec    .         Reflect  .   (no cloak)
rCorr    .         Harm     .   (no gloves)
MR       .....                  (no boots)
Stlth    +++.......             (no amulet)
HPRegen  0.03/turn              (no ring)
MPRegen  0.09/turn              (no ring)

@: regenerating slowly
A: fangs 3, see invisible, unbreathing
a: no special abilities


You were on level 2 of the Dungeon.
You were thirsty.

You visited 1 branch of the dungeon, and saw 2 of its levels.

You collected 85 gold pieces.

Inventory:

Armour
 a - a +0 robe (worn)
Scrolls
 d - a scroll of blinking {unknown}
 e - a scroll of identify {unknown}
Potions
 b - 2 potions of heal wounds {unknown}
 c - a potion of blood
 f - a potion of curing {unknown}


   Skills:
 + Level 2.2 Dodging
 + Level 3.3 Stealth
 + Level 0.6 Unarmed Combat
 + Level 2.1 Spellcasting
 + Level 4.9 Necromancy


You had 3 spell levels left.
You knew the following spells:

 Your Spells              Type           Power        Failure   Level  Hunger
a - Pain                  Necr           ###.         2%          1    #......
b - Animate Skeleton      Necr           N/A          2%          1    #......

Your spell library contained the following spells:

 Spells                   Type           Power        Failure   Level  Hunger
 Animate Dead             Necr           N/A          24%         4    #####..
 Vampiric Draining        Necr           ###.......   8%          3    ###....
 Regeneration             Chrm/Necr      ##........   21%         3    ###....


Dungeon Overview and Level Annotations

Branches:
Dungeon (2/15)

Altars:

Annotations:
D:2 Natasha


Innate Abilities, Weirdness & Mutations

You heal slowly.
You have razor-sharp teeth.
You have supernaturally acute eyesight. (SInv)
You can survive without breathing.


Message History

The rat barely misses you.
Casting: Pain (safe; 2% risk of failure)
Confirm with . or Enter, or press ? or * to list all spells.
Aiming: Pain (safe; 2% risk of failure)
Press: ? - help, Shift-Dir - straight line, f - Natasha
Aim: Natasha (chance to defeat MR: 78%) Natasha writhes in agony!
Natasha howls an incantation.
You feel troubled.
Natasha casts a spell.
The rat closely misses you.
Casting: Pain (safe; 2% risk of failure)
Confirm with . or Enter, or press ? or * to list all spells.
Aiming: Pain (safe; 2% risk of failure)
Press: ? - help, Shift-Dir - straight line, f/p - Natasha
Aim: Natasha (moderately wounded, chance to defeat MR: 78%) Natasha writhes in agony!
Natasha stares at you and mumbles some strange words.
The magic dart hits you!
You die...

###### .....#
.....# ...<.#
####### .....#
....... .....#
....... .....#
....... .....#
#####h......
.....###
#.†.@r.5....
.......###
#.###.......
.....#...####.#
.....?.
##.#####....#.#
####### #.
####..## #.
#...# ##
....#...
......###...
....... ...#


You could see Natasha, a shadow imp and a rat.

Vanquished Creatures
  4 dart slugs (D:1)
  A goblin (D:1)
  A hobgoblin (D:1)
  4 bats (D:1)
  2 frilled lizards (D:1)
  A kobold (D:1)
  5 rats
18 creatures vanquished.

Notes
Turn   | Place    | Note
-------+----------+-------------------------------------------
     0 | D:1      | Omega the Vampire Necromancer began the quest for the Orb.
     0 | D:1      | Reached XP level 1. HP: 13/13 MP: 3/3
   377 | D:1      | Learned a level 1 spell: Animate Skeleton
   414 | D:1      | Reached XP level 2. HP: 18/19 MP: 1/5
   843 | D:1      | You fall through a shaft!
  1080 | D:2      | Noticed Natasha
  1091 | D:2      | Killed from afar by Natasha

Vault maps used:
D:1:      nicolae_arrival_washed_ashore
D:2:      minmay_misc_feat_alley, corexii_hall_statues_s, uniq_natasha

Action                   || total
-------------------------++-------
Melee: Unarmed           ||    52
       Bite              ||     5
 Cast: Pain              ||    18
 Stab: Sleeping          ||     4
Armor: Robe              ||     3
Dodge: Dodged            ||    33

Table legend:
 A = Spawn XP
 B = Non-spawn XP
 C = Spawn XP percentage of total XP
 D = Spawn monster count
 E = Non-spawn monster count
 F = Spawn count percentage of total count
 G = Total turns spent on level
                    A         B        C        D         E        F      G
               +---------+---------+-------+---------+---------+-------+---------
         Total |       0 |      33 |   0.0 |       0 |      18 |   0.0 |  1091
               +---------+---------+-------+---------+---------+-------+---------
           D:1 |       0 |      32 |   0.0 |       0 |      17 |   0.0 |  1017
           D:2 |       0 |       1 |   0.0 |       0 |       1 |   0.0 |    74
               +---------+---------+-------+---------+---------+-------+---------
